Map: Coda EC

Players

AgCl

  • Race: Protoss Protoss

AnimalPlanet - Winner!

  • Race: Protoss Protoss

VOD

Have the link to the VOD?

Description

Time

  • Played on: May 23, 2015, 9:32 p.m.
  • Length: 7:05
Show
View Real Time Build Order
Export as new Build Order

AgCl Protoss 

Build Orders: 1 Gate Expand 

Get SALT Encoding   

  12  0:02  Probe  
  13  0:21  Probe, Pylon  
  14  0:39  Probe  
  15  0:51  Gateway, Probe  
  16  1:03  Probe (Chrono Boost)  
  17  1:16  Probe (Chrono Boost)  
  18  1:23  Probe (Chrono Boost)  
  18  1:31  Nexus  
  18  1:32  Assimilator  
  18  1:33  Probe  
  19  1:45  Probe  
  20  1:47  Zealot  
  20  1:53  Cybernetics Core  
  22  2:03  Pylon  
  22  2:21  Probe (Chrono Boost)  
  24  2:30  Probe (Chrono Boost), Assimilator  
  24  2:38  Mothership Core (Chrono Boost)  
  26  2:50  Gateway  
  27  2:52  Probe (Chrono Boost)  
  27  2:54  Probe (Chrono Boost)  
  28  3:01  Probe x2 (Chrono Boost)  
  30  3:10  Probe (Chrono Boost)  
  30  3:14  Assimilator  
  30  3:15  Probe (Chrono Boost)  
  30  3:17  Assimilator  
  31  3:20  Probe (Chrono Boost)  
  31  3:24  Probe (Chrono Boost), Stargate  
  31  3:26  Warp Gate  
  32  3:27  Probe (Chrono Boost)  
  33  3:35  Probe (Chrono Boost)  
  33  3:39  Probe (Chrono Boost)  
  35  3:41  Pylon  
  35  3:43  Probe (Chrono Boost)  
  35  3:46  Probe (Chrono Boost)  
  37  3:52  Probe (Chrono Boost)  
  38  3:57  Probe (Chrono Boost), Robotics Facility  
  38  3:58  Pylon  
  39  4:06  Probe (Chrono Boost)  
  39  4:08  Probe (Chrono Boost)  
  41  4:11  Oracle  
  41  4:15  Probe (Chrono Boost)  
  46  4:17  Probe (Chrono Boost)  
  48  4:25  Probe (Chrono Boost)  
  48  4:26  Probe (Chrono Boost)  
  48  4:31  Probe (Chrono Boost)  
  48  4:33  Forge  
  48  4:36  Probe (Chrono Boost)  
  50  4:40  Pylon  
  50  4:43  Probe (Chrono Boost)  
  50  4:44  Observer  
  53  4:48  Probe (Chrono Boost)  
  53  4:50  Probe (Chrono Boost)  
  54  4:55  Pylon  
  54  4:57  Probe  
  55  5:00  Probe  
  55  5:06  Immortal (Chrono Boost), Protoss Ground Weapons Level 1  
  60  5:09  Probe  
  60  5:12  Probe  
  62  5:16  Pylon  
  62  5:21  Probe  
  63  5:32  Immortal  
  63  5:34  Probe (Chrono Boost)  
  63  5:35  Void Ray (Chrono Boost)  
  69  5:40  Probe (Chrono Boost)  
  73  5:47  Gateway  
  73  5:48  Pylon  
  73  6:00  Stalker x2  
  73  6:08  Void Ray  
  73  6:17  Immortal (Chrono Boost)  
Show
View Real Time Build Order
Export as new Build Order

AnimalPlanet Protoss - Winner!

Build Orders: 1 Gate Expand 

Get SALT Encoding   

  12  0:01  Probe  
  13  0:14  Pylon  
  14  0:21  Probe  
  14  0:34  Gateway  
  14  0:36  Probe (Chrono Boost)  
  15  0:46  Probe (Chrono Boost)  
  16  0:53  Probe  
  17  1:05  Probe (Chrono Boost)  
  18  1:15  Probe (Chrono Boost)  
  19  1:28  Nexus  
  19  1:36  Assimilator  
  19  1:38  Probe (Chrono Boost)  
  20  1:41  Assimilator  
  21  1:48  Probe (Chrono Boost)  
  21  1:51  Cybernetics Core  
  21  1:55  Probe  
  21  1:58  Pylon  
  22  2:14  Gateway  
  22  2:20  Probe (Chrono Boost)  
  24  2:30  Probe (Chrono Boost)  
  24  2:31  Warp Gate  
  24  2:40  Probe (Chrono Boost)  
  27  2:44  Mothership Core (Chrono Boost)  
  27  2:50  Probe (Chrono Boost)  
  28  2:53  Robotics Facility  
  28  2:58  Probe  
  29  3:10  Probe (Chrono Boost)  
  28  3:13  Probe (Chrono Boost)  
  29  3:22  Probe (Chrono Boost)  
  29  3:23  Probe (Chrono Boost)  
  31  3:28  Probe (Chrono Boost)  
  31  3:30  Probe  
  33  3:35  Gateway  
  33  3:38  Pylon  
  33  3:41  Gateway  
  33  3:45  Pylon  
  33  3:46  Observer (Chrono Boost)  
  34  3:55  Probe x2  
  36  3:59  Pylon  
  36  4:01  Observer (Chrono Boost)  
  37  4:07  Probe x2  
  39  4:21  Immortal (Chrono Boost)  
  43  4:35  Stalker  
  43  4:36  Stalker x2  
  43  4:37  Stalker  
  55  4:53  Immortal (Chrono Boost)  
  55  4:57  Pylon  
  55  5:07  Stalker x2, Pylon  
  57  5:08  Zealot x2  
  56  5:29  Stalker x2  
  59  5:50  Stalker, Zealot  
  62  6:12  Stalker  
  62  6:13  Pylon  
  64  6:23  Forge  
  52  6:33  Stalker  
  52  6:35  Zealot x2  
  51  6:48  Gateway  
  51  6:49  Gateway  
  45  7:04  Stalker x2, Zealot  
  45  7:05  Zealot  
Tags
 
Add a new tag
Caveats
  • Supply blocks, unpowered buildings, or Contaminate may cause inaccurate times.
  • Supply counts are checked every 10 seconds.